 Dungeon Crawl Stone Soup version 0.30-a0-918-g0ff054e9dc (webtiles) character file.

Game seed: 1822267512643223731

317 Iich the Chopper (level 6, -1/49 HPs)
             Began as a Demonspawn Fighter on Mar 20, 2023.
             Slain by a kobold brigand
             ... wielding a +0 whip
              (9 damage)
             ... in a sewer.
             The game lasted 00:04:12 (1930 turns).

Iich the Chopper (Demonspawn Fighter)               Turns: 1930, Time: 00:04:13

Health: -1/49      AC:  8    Str: 17    XL:     6   Next: 20%
Magic:  6/6        EV:  8    Int:  9    God:
Gold:   85         SH:  6    Dex: 22    Spells: 5/5 levels left

rFire   . . .      SeeInvis .    a - +0 war axe
rCold   . . .      Faith    .    c - +0 buckler
rNeg    . . .      Spirit   .    b - +0 scale mail
rPois   .          Reflect  .    (no helmet)
rElec   .          Rampage  .    h - +1 cloak
rCorr   .                        (no gloves)
Will    .....                    (no boots)
Stlth   +                        (no amulet)
HPRegen 0.28/turn                j - +6 ring of dexterity
MPRegen 0.10/turn                (no ring)

@: no status effects
A: thin skeletal structure 1, ignite blood 1
a: no special abilities


You were in a sewer.
You visited 1 branch of the dungeon, and saw 3 of its levels.
You also visited: Sewer.

You collected 85 gold pieces.

Inventory:

Hand Weapons
 a - a +0 war axe (weapon)
Armour
 b - a +0 scale mail (worn)
 c - a +0 buckler (worn)
 h - a +1 cloak (worn)
Jewellery
 j - a +6 ring of dexterity (left hand)
Wands
 m - a wand of charming (6)
Scrolls
 f - a scroll of immolation {unknown}
 g - a scroll of enchant weapon {unknown}
 k - a scroll of blinking {unknown}
 n - a scroll of butterflies {unknown}
 o - a scroll of vulnerability {unknown}
 p - a scroll of torment {unknown}
 r - a scroll of enchant armour {unknown}
 t - 2 scrolls of teleportation
Potions
 d - a potion of berserk rage {unknown}
 e - a potion of heal wounds {unknown}
 i - a potion of lignification {unknown}
 l - a potion of resistance {unknown}


   Skills:
 + Level 4.6 Fighting
 * Level 5.0 Axes
 - Level 2.6 Armour
 - Level 2.6 Shields


You had 5 spell levels left.
You didn't know any spells.
Your spell library contained the following spells:

 Spells                   Type           Power      Damage    Failure   Level
 Necrotise                Necr           0%         1d4       88%         1
 Vampiric Draining        Necr           0%         2d6       99%         3
 Agony                    Necr           0%         N/A       100%        5


Dungeon Overview and Level Annotations

Branches:
Dungeon (3/15)              Sewer (1/1)

Altars:

Shops:
D:3 :


Innate Abilities, Weirdness & Mutations

You have a somewhat thin skeletal structure. (Dex +2, Stealth+)
Your demonic aura sometimes causes spilled blood to erupt in flames.


Message History

The kobold brigand is moderately wounded.
You slash the kobold brigand! You block the kobold brigand's attack.
The kobold brigand hits you with a +0 whip!
* * * LOW HITPOINT WARNING * * *
The kobold brigand hits you with a +0 whip!
* * * LOW HITPOINT WARNING * * *
The kobold brigand hits you with a +0 short sword.
* * * LOW HITPOINT WARNING * * *
You take 15 damage, and have 11/43 hp. !!!!--MASSIVE DAMAGE--!!!!
You feel better. You block the kobold brigand's attack.
The kobold brigand hits you with a +0 short sword.
* * * LOW HITPOINT WARNING * * *
You regained 6 hp, and now have 17/43 hp.
You hit the kobold brigand.
The kobold brigand is heavily wounded.
You closely miss the kobold brigand.
The kobold brigand hits you with a +0 short sword.
* * * LOW HITPOINT WARNING * * *
The kobold brigand barely misses you.
You take 5 damage, and have 12/43 hp.
You slash the kobold brigand!
The kobold brigand is almost dead.
You slash the kobold brigand!
The kobold brigand is engulfed in blazing flames.
You kill the kobold brigand!
The kobold brigand hits you with a +0 whip!
* * * LOW HITPOINT WARNING * * *
Your Axes skill increases to level 5!
You have reached level 6!
You take 7 damage, and have 5/49 hp.
MP restored: 6 You feel better.
The kobold brigand barely misses you.
You regained 8 hp, and now have 13/49 hp.
Unknown command.
You hit the kobold brigand.
The kobold brigand is almost dead.
The kobold brigand hits you with a +0 whip.
* * * LOW HITPOINT WARNING * * *
The kobold brigand hits you with a +0 whip!
You die...

# # ##### ####...## ####
≈ ##......###..######
##≈≈
.†.............#..#..#≈≈
.†.............#°K...#≈≈
...............'@)..#
......~~~~..~.~#.°...#≈≈
..~~~~~≈≈≈≈≈≈≈≈#.°#.!#≈≈
..~.≈≈≈≈≈≈≈≈≈≈≈#### ##≈≈
.≈≈≈≈≈≈≈≈≈≈≈≈≈≈# ≈
≈≈≈≈≈≈≈≈≈≈≈≈≈≈≈≈
≈≈≈≈≈≈≈≈≈≈≈≈≈≈≈#≈
≈≈≈≈≈≈≈≈≈≈


You could see a kobold brigand.

Vanquished Creatures
  Sigmund (D:2)
  A kobold brigand (Sewer)
  2 adders
  2 river rats (Sewer)
  A dart slug (D:2)
  7 ball pythons
  5 endoplasms
  A giant cockroach (D:3)
  3 goblins
  9 hobgoblins
  2 jackals (D:1)
  5 kobolds
  5 quokkas
  7 bats
  3 frilled lizards
  4 rats
58 creatures vanquished.

Notes
Turn   | Place    | Note
-------+----------+-------------------------------------------
     0 | D:1      | Iich the Demonspawn Fighter began the quest for the Orb.
     0 | D:1      | Reached XP level 1. HP: 18/18 MP: 1/1
     8 | D:1      | Noticed a bullfrog
    95 | D:1      | Reached skill level 2 in Axes
   131 | D:1      | Gained mutation: Your demonic aura sometimes causes spilled
                  | blood to erupt in flames. [demonic ancestry]
   131 | D:1      | Reached XP level 2. HP: 24/24 MP: 2/2
   475 | D:1      | Reached XP level 3. HP: 29/29 MP: 3/3
   778 | D:2      | Reached skill level 3 in Axes
   845 | D:2      | Noticed Sigmund
   848 | D:2      | Killed Sigmund
   849 | D:2      | Reached skill level 4 in Axes
   849 | D:2      | Gained mutation: You have a somewhat thin skeletal
                  | structure. (Dex +2, Stealth+) [demonic ancestry]
   849 | D:2      | Reached XP level 4. HP: 29/37 MP: 4/4
   849 | D:2      | Reached XP level 5. HP: 32/42 MP: 5/5
  1743 | D:3      | Found Nacocela's Vocational Training.
  1770 | D:3      | Found a glowing drain.
  1799 | Sewer    | Entered a sewer
  1929 | Sewer    | Reached skill level 5 in Axes
  1929 | Sewer    | Reached XP level 6. HP: 5/49 MP: 6/6
  1930 | Sewer    | Slain by a kobold brigand

Illustrated notes

Levels and vault maps discovered:
D:1:      evilmike_arrival_come_back, layout_loops_ring
D:2:      layout_loops_corners, reono_crystal_passage,
          minmay_randomly_rotated_circles, uniq_sigmund
D:3:      layout_loops_ring, cheibrodos_sewer_entry_drain,
          gammafunk_ghost_mausoleum, ebering_ecumenical_altar_sacrificial,
          nicolae_shop_unique_rings, nicolae_shop_vocational
Sewer:    sewer_minmay_treatment

Skill      XL: |  1  2  3  4  5 |
---------------+----------------+-----
Axes           | 2 4 5 |  5.0
Fighting       | 4 |  4.6
Armour         | |  2.6
Shields        | |  2.6

Action                     |  1- 3 |  4- 6 || total
---------------------------+-------+-------++-------
  Melee: War axe           |    81 |    74 ||   155
    Use: Potion            |       |     4 ||     4
         Scroll            |       |     1 ||     1
 Armour: Scale mail        |    45 |    37 ||    82
  Dodge: Dodged            |    39 |    31 ||    70
  Block: Buckler           |    20 |    25 ||    45

Table legend: (Time is in decaauts)
 A = Elapsed time spent in this place.
 B = Non-inter-level travel time spent in this place.
 C = Inter-level travel time spent in this place.
 D = Time resting spent in this place.
 E = Time spent auto-exploring this place.
 F = Levels seen in this place.
 G = Mean time per level.
                   A        B        C        D        E       F      G
               +--------+--------+--------+--------+--------+-----+--------+
         Total |   1989 |   1911 |     78 |      0 |   1476 |   4 |  497.2 |
       Dungeon |   1852 |   1774 |     78 |      0 |   1377 |   3 |  617.3 |
         Sewer |    136 |    136 |      0 |      0 |     99 |   1 |  136.0 |
               +--------+--------+--------+--------+--------+-----+--------+

Top non-repeatable levels by time:
     D:2: 948 daAuts
     D:1: 781 daAuts
   Sewer: 136 daAuts
     D:3: 122 daAuts
